 Dungeon Crawl Stone Soup version 0.27.1-3-gb3d3a73c9e (webtiles) character file.

Game seed: 14352315524185301372

19 horus123 the Shooter (level 2, -1/17 HPs)
             Began as a Deep Elf Hunter on Oct 17, 2021.
             Slain by a jackal (2 damage)
             ... on level 1 of the Dungeon.
             The game lasted 00:01:55 (210 turns).

horus123 the Shooter (Deep Elf Hunter)               Turns: 210, Time: 00:01:57

Health: -1/17      AC:  3    Str:  9    XL:     2   Next: 55%
Magic:  4/4        EV: 12    Int: 15    God:
Gold:   0          SH:  0    Dex: 15    Spells: 1/1 levels left

rFire    . . .     SeeInvis .   a - +1 shortbow
rCold    . . .     Faith    .   (shield currently unavailable)
rNeg     . . .     Spirit   .   c - +0 leather armour
rPois    .         Reflect  .   f - +0 hat
rElec    .         Harm     .   (no cloak)
rCorr    .         Rampage  .   (no gloves)
Will     .....                  (no boots)
Stlth    ++........             (no amulet)
HPRegen  0.05/turn              (no ring)
MPRegen  0.09/turn              (no ring)

@: no status effects
A: no striking features
a: no special abilities


You were on level 1 of the Dungeon.
You visited 1 branch of the dungeon, and saw 1 of its levels.

Inventory:

Hand Weapons
 a - a +1 shortbow (weapon)
 b - a +0 short sword
Missiles
 d - 8 arrows (quivered ammo)
Armour
 c - a +0 leather armour (worn)
 f - a +0 hat (worn)
Potions
 e - a potion of flight {unknown}


   Skills:
 + Level 1.7 Fighting
 * Level 6.2 Bows
 + Level 2.4 Dodging
 + Level 1.2 Stealth


You had one spell level left.
You didn't know any spells.
Your spell library was empty.

Dungeon Overview and Level Annotations

Branches:
Dungeon (1/15)

Altars:


Message History

You shoot an arrow. The arrow hits the bat!
You kill the bat!
d - 11 arrows (gained 3)
A jackal comes into view.
You see here an arrow.
You shoot an arrow. The arrow barely misses the jackal.
The jackal barks!
A jackal comes into view.
You shoot an arrow. The arrow closely misses the jackal.
The jackal bites you but does no damage.
The jackal misses you. The jackal bites you.
There is a stone staircase leading down here.
The jackal closely misses you.
You see here an arrow.
d - 10 arrows (gained 1)
The jackal misses you.
The jackal bites you but does no damage.
The jackal closely misses you. The jackal bites you.
The jackal bites you but does no damage.
The jackal bites you.
* * * LOW HITPOINT WARNING * * *
The jackal misses you. The jackal bites you.
* * * LOW HITPOINT WARNING * * *
The jackal barely misses you.
You are too injured to fight recklessly!
Fire: 10 arrows
Press: ? - help, Q - select action Shift-Dir - straight line, f/p - jackal
Aim: a jackal (56% to hit)
You shoot an arrow. The arrow barely misses the jackal.
The jackal barely misses you.
The jackal bites you but does no damage. x2
The jackal barely misses you.
Fire: 9 arrows
Press: ? - help, Q - select action Shift-Dir - straight line, f/p - jackal
Aim: a jackal (56% to hit)
You shoot an arrow. The arrow hits the jackal.
The jackal is heavily wounded.
The jackal closely misses you. The jackal bites you.
You die...

..#.... #.........#
#.##.## #....(....#
..8..# #.........#
..#..# #.........#
..#..# #.........# ..#
.#######..>......##.
..8.....................
####..######...hh....##.
. ## #....@....# .
#.(...(...# .
##.......## .
.#####.....## .
.........######.. .
#####..#......... #
##...)..h##.# ####.####
#(.###


You could see 2 jackals.

Vanquished Creatures
  An endoplasm (D:1)
  2 giant cockroaches (D:1)
  5 jackals (D:1)
  2 quokkas (D:1)
  A ball python (D:1)
  2 bats (D:1)
  A kobold (D:1)
  3 rats (D:1)
17 creatures vanquished.

Notes
Turn   | Place    | Note
-------+----------+-------------------------------------------
     0 | D:1      | horus123 the Deep Elf Hunter began the quest for the Orb.
     0 | D:1      | Reached XP level 1. HP: 12/12 MP: 3/3
    96 | D:1      | Reached XP level 2. HP: 17/17 MP: 4/4
   151 | D:1      | Reached skill level 6 in Bows
   210 | D:1      | Slain by a jackal

Illustrated notes

Levels and vault maps discovered:
D:1:      scummos_arrival_simple_crosswalls, layout_rooms,
          hangedman_decor_growths

Skill      XL: |  1  2 |
---------------+-------+-----
Bows           | 6 |  6.2
Fighting       | |  1.7
Dodging        | |  2.4
Stealth        | |  1.2

Action                   || total
-------------------------++-------
 Fire: Shortbow          ||    51
Armor: Leather armour    ||    12
Dodge: Dodged            ||    29
